Map: Abyssal Reef LE

Players

Vlign - Winner!

  • Race: Terran Terran
  • League: Diamond
  • Spawn Location: 11:00

A.I. 1 (Elite)

  • Race: Zerg Zerg
  • Spawn Location: 5:00

VOD

Have the link to the VOD?

Description

Time

  • Played on: July 18, 2018, 12:39 a.m.
  • Length: 7:31
Show
View Real Time Build Order
Export as new Build Order

Vlign Terran - Winner!

Build Orders:  

Get SALT Encoding   

  12  0:01  SCV  
  13  0:13  SCV  
  14  0:29  Supply Depot  
  14  0:30  SCV  
  14  0:34  Refinery  
  15  0:51  SCV  
  16  0:58  Barracks  
  16  1:03  SCV  
  17  1:15  SCV  
  18  1:18  Refinery  
  18  1:27  SCV  
  20  1:46  Orbital Command  
  19  1:47  Reaper  
  19  1:51  Factory  
  20  2:02  Supply Depot  
  20  2:13  SCV  
  21  2:22  Barracks Reactor  
  21  2:25  SCV  
  22  2:30  Command Center  
  24  2:37  Hellion, SCV  
  25  2:44  Supply Depot  
  25  2:49  SCV  
  26  3:02  SCV  
  27  3:07  Barracks Tech Lab  
  27  3:09  Hellion x2  
  31  3:14  SCV  
  32  3:26  SCV  
  33  3:32  Cyclone x2  
  39  3:41  SCV  
  39  3:44  Orbital Command  
  39  3:47  Refinery  
  40  3:54  SCV  
  41  4:04  Cyclone x2  
  41  4:06  SCV  
  48  4:10  Barracks Tech Lab, Supply Depot  
  48  4:11  SCV  
  49  4:18  SCV  
  49  4:24  Barracks  
  50  4:25  Supply Depot, SCV  
  51  4:36  Cyclone x2  
  57  4:42  SCV x2  
  59  4:49  Ghost Academy  
  59  4:50  Supply Depot  
  59  4:54  SCV  
  59  4:59  SCV  
  61  5:02  Refinery  
  61  5:08  Cyclone x2, SCV  
  68  5:15  SCV  
  68  5:17  Ghost  
  68  5:20  Ghost  
  73  5:25  Supply Depot  
  73  5:27  Supply Depot  
  73  5:29  SCV  
  73  5:31  SCV  
  75  5:40  Cyclone  
  78  5:47  Cyclone  
  81  5:55  Ghost  
  83  6:04  Command Center  
  83  6:07  Ghost  
  85  6:11  SCV  
  85  6:12  SCV  
  87  6:23  SCV  
  88  6:26  SCV  
  88  6:27  Ghost  
  88  6:29  Hellion  
  93  6:42  Hellion  
Show
View Real Time Build Order
Export as new Build Order

A.I. 1 (Elite) Zerg 

Build Orders: Pool First 

Get SALT Encoding   

  12  0:00  Drone  
  13  0:12  Overlord  
  13  0:16  Drone  
  14  0:31  Drone x2  
  16  0:42  Spawning Pool  
  15  0:45  Drone  
  15  0:48  Drone  
  17  1:13  Hatchery, Drone  
  17  1:16  Extractor  
  16  1:19  Drone  
  16  1:21  Extractor  
  16  1:25  Drone  
  17  1:29  Drone  
  17  1:38  Drone  
  19  1:49  Overlord  
  19  1:56  Queen  
  21  2:01  Zergling x2  
  22  2:11  Drone  
  23  2:25  Queen  
  23  2:28  Drone  
  26  2:35  Drone  
  27  2:40  Drone  
  29  2:44  Drone  
  29  2:57  Roach Warren  
  28  3:00  Drone  
  28  3:03  Drone  
  30  3:07  Zergling x2  
  30  3:10  Zergling x2  
  32  3:16  Overlord  
  32  3:18  Drone  
  33  3:22  Drone  
  34  3:37  Roach  
  34  3:38  Roach x2  
  34  3:39  Roach  
  42  3:47  Lair  
  42  3:51  Overlord  
  42  3:56  Overlord  
  42  3:59  Zergling x2  
  42  4:02  Zergling x2  
  44  4:09  Zergling x2, Drone x2  
  47  4:12  Drone  
  47  4:13  Drone  
  49  4:17  Drone  
  49  4:21  Overlord  
  50  4:26  Roach  
  50  4:30  Roach  
  54  4:32  Roach  
  54  4:36  Roach  
  58  4:39  Overlord  
  58  4:46  Drone  
  58  4:47  Drone  
  58  4:50  Hydralisk Den, Drone  
  62  4:53  Roach  
  62  4:56  Roach  
  64  5:00  Overlord  
  64  5:06  Drone  
  65  5:09  Drone  
  65  5:10  Drone  
  65  5:12  Drone  
  69  5:14  Drone  
  69  5:16  Drone  
  69  5:18  Hydralisk, Drone  
  69  5:21  Hydralisk  
  73  5:26  Overlord  
  73  5:28  Hydralisk  
  75  5:32  Hydralisk  
  75  5:34  Drone  
  80  5:36  Drone  
  80  5:38  Drone  
  80  5:39  Drone  
  80  5:41  Drone  
  84  5:44  Drone  
  84  5:46  Overlord  
  84  5:49  Drone  
  86  5:55  Hydralisk x2  
  90  6:03  Metabolic Boost  
  90  6:04  Evolution Chamber  
  90  6:05  Overlord  
  89  6:12  Hatchery  
  87  6:19  Drone  
  87  6:20  Zergling x2  
  89  6:28  Ravager x2, Evolution Chamber  
  89  6:30  Drone  
  91  6:35  Evolution Chamber  
  91  6:36  Lurker Den  
  91  6:38  Drone  
  91  6:39  Drone  
  90  6:43  Zergling x2  
  67  6:50  Extractor, Zergling x2, Roach  
  67  6:51  Hydralisk  
  56  6:59  Extractor  
  56  7:00  Drone  
  56  7:02  Drone  
  56  7:03  Roach  
  56  7:08  Zergling x2, Roach  
  59  7:12  Drone  
  59  7:13  Drone  
Tags
 
League
Diamond
Matchup
TvZ
Opening
Pool First
Replay Pack
replaypack2
Spawn Locations
Cross Positions
Add a new tag
Caveats
  • Supply blocks, unpowered buildings, or Contaminate may cause inaccurate times.
  • Supply counts are checked every 10 seconds.